 Dungeon Crawl Stone Soup version 0.23.2 (webtiles) character file.

Game seed: 6938511923362146504

50 Kairos the Charmwright (level 3, 0/29 HPs)
             Began as a Demigod Skald on Apr 10, 2019.
             Slain by a worm (7 damage)
             ... on level 2 of the Dungeon.
             The game lasted 00:01:33 (1302 turns).

Kairos the Charmwright (Demigod Skald)              Turns: 1302, Time: 00:01:33

Health: 0/29       AC:  3    Str: 16    XL:     3   Next: 35%
Magic:  8/8        EV: 12    Int: 17    God:
Gold:   96         SH:  0    Dex: 15    Spells: 4/5 levels left

rFire    . . .     SeeInvis .   a - +0 spear
rCold    . . .     Gourm    .   (no shield)
rNeg     . . .     Faith    .   b - +0 leather armour
rPois    .         Spirit   .   (no helmet)
rElec    .         Reflect  .   (no cloak)
rCorr    .         Harm     .   (no gloves)
MR       .....                  (no boots)
Stlth    +.........             (no amulet)
HPRegen  0.09/turn              (no ring)
MPRegen  0.11/turn              (no ring)

@: no status effects
A: high mp 1
a: no special abilities


You were on level 2 of the Dungeon.
You were not hungry.

You visited 1 branch of the dungeon, and saw 2 of its levels.

You collected 96 gold pieces.

Inventory:

Hand Weapons
 a - a +0 spear (weapon)
Armour
 b - a +0 leather armour (worn)
Scrolls
 e - 3 scrolls of identify {unknown}
 f - 3 scrolls of teleportation {unknown}
 h - a scroll of random uselessness {unknown}
 j - a scroll of blinking {unknown}
 k - 2 scrolls of magic mapping {unknown}
Potions
 c - 2 potions of lignification {unknown}
 g - a potion of curing {unknown}
 i - a potion of haste {unknown}
 m - a potion of flight {unknown}
Comestibles
 d - 3 rations
 l - 2 chunks of flesh


   Skills:
 + Level 1.9 Fighting
 + Level 2.2 Polearms
 + Level 1.1 Armour
 + Level 2.2 Dodging
 + Level 0.2 Stealth
 + Level 1.8 Spellcasting
 + Level 3.3 Charms


You had 4 spell levels left.
You knew the following spells:

 Your Spells              Type           Power        Failure   Level  Hunger
a - Infusion              Chrm           ##..         6%          1    #......

Your spell library contained the following spells:

 Spells                   Type           Power        Failure   Level  Hunger
 Song of Slaying          Chrm           ##......     10%         2    ###....
 Shroud of Golubria       Chrm/Tloc      #.........   19%         2    ###....
 Regeneration             Chrm/Necr      #.........   36%         3    ###....
 Spectral Weapon          Hex/Chrm       #.......     36%         3    ###....


Dungeon Overview and Level Annotations

Branches:
Dungeon (2/15)


Innate Abilities, Weirdness & Mutations

You have an increased reservoir of magic. (+10% MP)


Message History

The ooze is heavily wounded.
The ooze barely misses you. The worm bites you!
You are too injured to fight recklessly!
You are too injured to fight recklessly!
You are too injured to fight recklessly!
You hit the ooze.
The ooze is severely wounded.
The ooze hits you but does no damage.
You hit the ooze but do no damage.
The ooze is severely wounded.
The ooze hits you.
* * * LOW HITPOINT WARNING * * *
You hit the ooze but do no damage.
The ooze is severely wounded.
The ooze closely misses you.
You hit the ooze.
You kill the ooze!
You barely miss the worm. You hit the worm but do no damage.
The worm bites you!
You die...

#......###.#.##.#
####.. #..<...#
#....#.# #..
######## #..#...#
#.. #.###.## #..
#..#..#########.
####
#.....)....#....
. ^(.
#.##.#####.#.##.
....##.###.##.#
#....##.
#....w@.(##.#
#.......
####.######.#
#....### #.
#.#####.#.### ..
#.......#.... ###
#.#.....#####
#.##.#.......
#......#####.
####.### #.#


You could see a worm.

Vanquished Creatures
  2 adders (D:2)
  An ooze (D:2)
  A giant cockroach (D:2)
  3 goblins
  5 hobgoblins (D:1)
  3 kobolds
  6 bats
  3 frilled lizards (D:2)
  2 rats
26 creatures vanquished.

Notes
Turn   | Place    | Note
-------+----------+-------------------------------------------
     0 | D:1      | Kairos the Demigod Skald began the quest for the Orb.
     0 | D:1      | Reached XP level 1. HP: 17/17 MP: 5/5
   160 | D:1      | Reached skill level 3 in Charms
   175 | D:1      | Reached XP level 2. HP: 13/24 MP: 7/7
   480 | D:2      | Reached skill level 1 in Armour
   541 | D:2      | Reached XP level 3. HP: 7/29 MP: 8/8
  1302 | D:2      | Slain by a worm

Skill      XL: |  1  2 |
---------------+-------+-----
Polearms       | 2 |  2.2
Charms         | 3 |  3.3
Dodging        | 2 |  2.2
Armour         | 1 |  1.1
Fighting       | |  1.9
Stealth        | |  0.2
Spellcasting   | |  1.8

Action                   || total
-------------------------++-------
Melee: Spear             ||   108
  Use: Scroll            ||     3
 Stab: Sleeping          ||     3
  Eat: Chunk             ||     1
Armor: Leather armour    ||    23
Dodge: Dodged            ||    62
